[Event "1st 4NCL International Open"]
[Site "Telford"]
[Date "2018.11.02"]
[Round "3"]
[White "Clark, Robert G"]
[Black "Ravi, Teja S."]
[Result "0-1"]
[ECO "B19"]
[WhiteElo "2025"]
[BlackElo "2357"]
[Annotator "ChessBase"]
[PlyCount "98"]
[EventDate "2018.10.31"]
[EventType "swiss"]
[EventCountry "GBR"]
[SourceTitle "playchess.com"]
[Source "ChessBase"]
[SourceQuality "1"]
[TimeControl "5400+30"]

1. e4 c6 2. d4 d5 3. Nd2 dxe4 4. Nxe4 Bf5 5. Ng3 Bg6 6. Nf3 Nf6 7. h4 h6 8. h5 Bh7 9. Bd3 Bxd3 10. Qxd3 e6 11. Bf4 Bd6 12. Bxd6 Qxd6 13. O-O-O Nbd7 14. Kb1 O-O 15. Ne4 Nxe4 16. Qxe4 Rfd8 17. Qe2 Nf6 18. Ne5 c5 19. dxc5 Qxc5 20. g3 Rac8 21. Rxd8+ Rxd8 22. Nd3 Qb5 23. Rh4 a5 24. a3 b6 25. Kc1 Rd5 26. Kb1 Rxh5 27. a4 Qd5 28. Rxh5 Nxh5 29. Qe3 Qh1+ 30. Nc1 Qc6 31. Qd4 Nf6 32. Nd3 Nd7 33. b3 Qd5 34. Qh4 Nc5 35. Nxc5 Qxc5 36. Qd8+ Kh7 37. Qd3+ f5 38. Qd2 e5 39. c3 Qc6 40. Qc2 e4 41. Kb2 Qd6 42. Qe2 g6 43. Qc4 h5 44. b4 Qd2+ 45. Kb3 Qxf2 46. bxa5 bxa5 47. Qc7+ Kh6 48. Qe5 e3 49. Qh8+ Kg5 0-1

[Event "1st 4NCL International Open"]
[Site "Telford"]
[Date "2018.11.02"]
[Round "3"]
[White "Zabrocki, Philip Am"]
[Black "Jukes, Sam"]
[Result "1-0"]
[ECO "C35"]
[WhiteElo "1952"]
[BlackElo "1863"]
[Annotator "NA"]
[PlyCount "73"]
[EventDate "2018.10.31"]
[EventType "swiss"]
[EventCountry "GBR"]
[SourceTitle "playchess.com"]
[Source "ChessBase"]
[SourceQuality "1"]
[TimeControl "5400+30"]

1. e4 e5 2. f4 exf4 3. Nf3 Be7 4. Bc4 Nf6 5. e5 Ne4 6. O-O d5 7. exd6 Nxd6 8. Bb3 c5 9. d3 g5 10. Ne5 Nd7 11. Qe2 Nf6 12. Re1 c4 13. Nxc4 Nxc4 14. Bxc4 Ng4 15. Kh1 Qd6 16. b3 Be6 17. Bxe6 Qxe6 18. h3 Qxe2 19. Rxe2 Nh6 20. Ba3 Nf5 21. Re5 Nd4 22. Bxe7 Nxc2 23. Bf6+ Kd7 24. Bxh8 Rxh8 25. Na3 Nxa1 26. Re1 Nxb3 27. axb3 Rc8 28. Nc4 f6 29. Nd2 b6 30. Ne4 Rc6 31. d4 h6 32. d5 Rc2 33. Nxf6+ Kd8 34. d6 Kc8 35. d7+ Kc7 36. Re8 Rd2 37. Rc8+ 1-0

[Event "1st 4NCL International Open"]
[Site "Telford"]
[Date "2018.11.02"]
[Round "3"]
[White "Bennett, Dominic L"]
[Black "Wall, Tim P"]
[Result "0-1"]
[ECO "A22"]
[WhiteElo "1933"]
[BlackElo "2253"]
[Annotator "ChessBase"]
[PlyCount "152"]
[EventDate "2018.10.31"]
[EventType "swiss"]
[EventCountry "GBR"]
[SourceTitle "playchess.com"]
[Source "ChessBase"]
[SourceQuality "1"]
[TimeControl "5400+30"]

1. c4 e5 2. e3 Nf6 3. Nc3 d6 4. Be2 Be7 5. Qc2 c6 6. d4 O-O 7. Nf3 Qc7 8. O-O Re8 9. b3 Bf8 10. Bb2 e4 11. Nd2 d5 12. Rfc1 Bd6 13. Nf1 dxc4 14. bxc4 Bf5 15. Qd1 Qd8 16. Qb3 Nbd7 17. Ba3 Bxa3 18. Qxa3 Nf8 19. Rab1 Re7 20. Rb2 h5 21. Rcb1 b6 22. Rd2 h4 23. Qa4 Rc8 24. Qd1 h3 25. Ng3 Bd7 26. d5 cxd5 27. Nxd5 Nxd5 28. cxd5 hxg2 29. Bg4 Nh7 30. Rb4 Ng5 31. Kxg2 Rc1 32. Qe2 Re1 33. Qxe1 Bxg4 34. Qb1 Bf3+ 35. Kf1 Qc8 36. d6 Qh3+ 37. Ke1 Rd7 38. Rc4 Qxh2 39. Rc8+ Kh7 40. Qb5 Qg1+ 41. Qf1 Qh2 42. Rd5 Bg2 43. Rxg5 Bxf1 44. Rh5+ Qxh5 45. Nxh5 Bb5 46. Rc7 Rxd6 47. Rxa7 Bd7 48. Ng3 f5 49. Ne2 Kh6 50. Nd4 Kg6 51. a4 Kf6 52. Kd2 g5 53. Kc3 f4 54. Kb4 fxe3 55. fxe3 g4 56. Rc7 g3 57. Rc1 Ke5 58. Rg1 Rxd4+ 59. exd4+ Kf4 60. Rf1+ Ke3 61. Rf7 g2 62. Rg7 Kf2 63. Rf7+ Ke2 64. Rg7 Kf3 65. Rf7+ Kg3 66. Rxd7 g1=Q 67. Rg7+ Kf2 68. Rxg1 Kxg1 69. Kb5 e3 70. Kxb6 e2 71. a5 e1=Q 72. a6 Qe4 73. Ka7 Qc6 74. d5 Qc7+ 75. Ka8 Qb6 76. a7 Qc7 0-1

[Event "1st 4NCL International Open"]
[Site "Telford"]
[Date "2018.11.02"]
[Round "3"]
[White "Ther, Mate"]
[Black "Hill, Alistair"]
[Result "0-1"]
[ECO "B13"]
[WhiteElo "1759"]
[BlackElo "2203"]
[Annotator "ChessBase"]
[PlyCount "50"]
[EventDate "2018.10.31"]
[EventType "swiss"]
[EventCountry "GBR"]
[SourceTitle "playchess.com"]
[Source "ChessBase"]
[SourceQuality "1"]
[TimeControl "5400+30"]

1. e4 c6 2. d4 d5 3. exd5 cxd5 4. Bd3 Nc6 5. c3 Nf6 6. Bf4 g6 7. Ne2 Bg7 8. h3 O-O 9. Nd2 e5 10. dxe5 Nh5 11. Bh2 Nxe5 12. Bc2 Qg5 13. g4 Nxg4 14. hxg4 Bxg4 15. Nf1 Rfe8 16. Ne3 Bf3 17. Rg1 Qh4 18. Bg3 Nxg3 19. Rxg3 Rxe3 20. fxe3 Bxe2 21. Kxe2 Qxg3 22. Qxd5 Qh2+ 23. Kd3 Qc7 24. Ke2 Rd8 25. Qg2 Qc4+ 0-1

[Event "1st 4NCL International Open"]
[Site "Telford"]
[Date "2018.11.02"]
[Round "3"]
[White "Akeya-Price, Robert"]
[Black "Jamieson, Ian"]
[Result "1/2-1/2"]
[ECO "A90"]
[WhiteElo "1730"]
[BlackElo "1947"]
[Annotator "NA"]
[PlyCount "96"]
[EventDate "2018.10.31"]
[EventType "swiss"]
[EventCountry "GBR"]
[SourceTitle "playchess.com"]
[Source "ChessBase"]
[SourceQuality "1"]
[TimeControl "5400+30"]

1. d4 e6 2. c4 f5 3. Nf3 Nf6 4. g3 d5 5. Bg2 c6 6. Qc2 Bd6 7. O-O O-O 8. b3 Qe7 9. Bb2 Ne4 10. Ne5 Nd7 11. f3 Nxe5 12. fxe4 Ng4 13. e5 Bb4 14. Qd3 Bd7 15. Nd2 Nh6 16. Rac1 Rac8 17. a3 Ba5 18. b4 Bd8 19. b5 Qe8 20. a4 g5 21. cxd5 cxd5 22. Rxc8 Bxc8 23. Rc1 Bd7 24. Ba3 Rf7 25. Bd6 Kg7 26. Bb8 Bb6 27. Bd6 Bd8 28. Nb3 Ng8 29. Nc5 Bc8 30. Qc3 Ne7 31. e3 b6 32. Nd3 Bb7 33. Nb4 Nc8 34. Bb8 g4 35. Nc6 Bg5 36. Nxa7 Nxa7 37. Bxa7 Qa8 38. Bxb6 Qxa4 39. Qd3 h5 40. Kf2 h4 41. Rc7 Qa2+ 42. Qe2 Qb3 43. Rxf7+ Kxf7 44. Bf1 Bc8 45. Qd3 Qb2+ 46. Qe2 Qb3 47. Qd3 Qb2+ 48. Qe2 Qb3 1/2-1/2

[Event "1st 4NCL International Open"]
[Site "Telford"]
[Date "2018.11.02"]
[Round "4"]
[White "Ratnesan, Ranesh"]
[Black "Kulkarni, Rakesh"]
[Result "1-0"]
[ECO "D00"]
[WhiteElo "1994"]
[BlackElo "2297"]
[Annotator "ChessBase"]
[PlyCount "62"]
[EventDate "2018.10.31"]
[EventType "swiss"]
[EventCountry "GBR"]
[SourceTitle "playchess.com"]
[Source "ChessBase"]
[SourceQuality "1"]
[TimeControl "5400+30"]

1. d4 Nf6 2. Bg5 d5 3. Bxf6 gxf6 4. e3 Bg7 5. c4 c6 6. Nc3 O-O 7. Qb3 dxc4 8. Bxc4 e5 9. Nge2 b5 10. Bd3 f5 11. Rd1 Be6 12. d5 cxd5 13. Bxb5 a6 14. Ba4 Nd7 15. Nxd5 Nc5 16. Qa3 Nxa4 17. Ne7+ Qxe7 18. Qxe7 Nxb2 19. Rd2 Nc4 20. Rc2 Rfe8 21. Qh4 Rab8 22. O-O Nd6 23. Qa4 Rb6 24. Rd1 Nb5 25. h3 Bf8 26. Nc3 Rc8 27. Nd5 Rbc6 28. Rxc6 Rxc6 29. Nf6+ Kg7 30. Qh4 h6 31. Rd8 Bd6 1-0

[Event "1st 4NCL International Open"]
[Site "Telford"]
[Date "2018.11.02"]
[Round "4"]
[White "Jamieson, Ian"]
[Black "Zabrocki, Philip Am"]
[Result "1/2-1/2"]
[ECO "C00"]
[WhiteElo "1947"]
[BlackElo "1952"]
[Annotator "NA"]
[PlyCount "24"]
[EventDate "2018.10.31"]
[EventType "swiss"]
[EventCountry "GBR"]
[SourceTitle "playchess.com"]
[Source "ChessBase"]
[SourceQuality "1"]
[TimeControl "5400+30"]

1. e4 e6 2. Nf3 d5 3. e5 c5 4. b4 c4 5. c3 a5 6. b5 Nd7 7. d3 cxd3 8. Bxd3 f6 {[%emt 0:10:58] LiveBook: 8 Games} 9. Qe2 fxe5 10. Nxe5 Ngf6 $2 {[%emt 0:12:02] [#]} (10... Nxe5 $11 {and Black stays safe.} 11. Qxe5 Nf6) 11. Nxd7 ({Only move:} 11. Ng6 $1 $18 hxg6 12. Bxg6+ Ke7 13. Ba3+ Nc5 14. Bxc5+ Kd7 15. Bxf8 Qxf8 16. Nd2) 11... Bxd7 12. Bf4 Bc5 $11 1/2-1/2

[Event "1st 4NCL International Open"]
[Site "Telford"]
[Date "2018.11.02"]
[Round "4"]
[White "Rahulan, Thivyaa"]
[Black "Ther, Mate"]
[Result "0-1"]
[ECO "C54"]
[WhiteElo "1868"]
[BlackElo "1759"]
[Annotator "NA RC"]
[PlyCount "62"]
[EventDate "2018.10.31"]
[EventType "swiss"]
[EventCountry "GBR"]
[SourceTitle "playchess.com"]
[Source "ChessBase"]
[SourceQuality "1"]
[TimeControl "5400+30"]

1. e4 e5 2. Nf3 Nc6 3. Bc4 Bc5 4. c3 Nf6 5. d3 {[%emt 0:00:09] LiveBook: 6379 Games} O-O 6. O-O d6 7. Re1 Be6 {[%emt 0:04:24] C54: Giuoco Piano: 4 c3 Nf6, main lines with 5 d4 and 5 d3} (7... a6 8. a4 Ba7 9. h3 Kh8 10. d4 h6 11. dxe5 Nxe5 12. Nxe5 dxe5 13. Qxd8 Rxd8 14. Nd2 Kg8 15. Nf3 {½-½ (31) Anand,V (2771)-Aronian,L (2780) Batumi 2018}) 8. Bb3 Qd7 9. Be3 $146 ({Predecessor:} 9. Nbd2 Ne7 10. Nf1 Ng6 11. Ng3 c6 12. Bg5 Ng4 13. d4 exd4 14. cxd4 Bb4 15. Re2 {1-0 (48) Mossafer,G (1709)-Simon,C (1567) Neumuenster 2003}) 9... Rad8 10. Nbd2 Bxe3 11. fxe3 d5 12. exd5 Bxd5 13. d4 Qg4 14. Bxd5 Nxd5 15. c4 ({White should try} 15. Qc2 $11) 15... Ndb4 16. d5 e4 17. h3 Qg6 18. Nh4 Qg5 19. dxc6 Qxh4 20. cxb7 Rd6 21. Re2 ({White should play} 21. c5 $16 Rg6 22. Re2 Qxh3 23. Qb3) 21... Rfd8 $2 {[%emt 0:03:51] [#]} (21... Rb6 $11 {and Black is okay.}) 22. Qf1 $2 (22. c5 $1 $18 Rd3 23. a3) 22... Rb6 (22... Qe7 $11 {remains equal.}) 23. Nb3 Rxb7 24. Rd1 Nd3 ({Doch nicht} 24... Nxa2 $6 25. Rxd8+ Qxd8 26. Rd2 $14) 25. Red2 Rd6 (25... Qg5 $17 26. Qf4 Qxf4 27. exf4 Re8) 26. Qf5 Rb8 27. Qa5 Qg3 28. Qxc7 Qxe3+ 29. Kh2 Rbd8 30. Nc1 Qf4+ 31. g3 Qe3 0-1

[Event "1st 4NCL International Open"]
[Site "Telford"]
[Date "2018.11.02"]
[Round "4"]
[White "Akeya-Price, Robert"]
[Black "Bennett, Dominic L"]
[Result "1/2-1/2"]
[ECO "A41"]
[WhiteElo "1730"]
[BlackElo "1933"]
[Annotator "NA RC"]
[PlyCount "89"]
[EventDate "2018.10.31"]
[EventType "swiss"]
[EventCountry "GBR"]
[SourceTitle "playchess.com"]
[Source "ChessBase"]
[SourceQuality "1"]
[TimeControl "5400+30"]

1. d4 d6 2. Nf3 Bg4 3. e4 Nf6 4. Nc3 e6 5. Bd3 {[%emt 0:03:28] A41: 1 d4 d6: Tartakower System and Modern Defence} Be7 6. h3 Bh5 {[%emt 0:00:56] LiveBook: 23 Games} 7. g4 (7. Qe2 a6 8. g4 Bg6 9. h4 d5 10. h5 Bxe4 11. Nxe4 dxe4 12. Bxe4 c6 {1-0 (80) Tomashevsky,E (2758)-Petrosian,T (2625) Berlin 2015}) 7... Bg6 8. Be3 a6 $146 ({Predecessor:} 8... d5 $11 9. exd5 (9. e5 Nfd7 10. Ne2 c5 11. c3 Nc6 12. Nf4 Rc8 13. Nxg6 hxg6 14. a3 c4 15. Bc2 b5 16. h4 Nb6 17. Kd2 Kd7 18. Ng5 {½-½ (18) Osmanovic,K (2337)-Tibensky,R (2391) Sisak 2008}) 9... Nxd5) 9. Qd2 (9. g5 $16) 9... d5 10. e5 Nfd7 11. Ne2 Nc6 12. c3 Na5 13. b3 Bxd3 14. Qxd3 b5 15. O-O Nb6 (15... c5 $11) 16. Qd2 Nc6 17. Ne1 O-O 18. f4 a5 19. f5 a4 20. Rb1 axb3 21. axb3 b4 22. Nf4 Qd7 23. Nh5 bxc3 (23... f6 $14) 24. Qf2 $2 {[%emt 0:01:21] [#]} (24. Qxc3 $16 {stays on course.} Rfc8 25. Nd3) 24... f6 $1 25. g5 $2 (25. Nd3 $17 {is tougher.}) 25... fxe5 26. f6 exd4 27. Bxd4 e5 28. Bxc3 Qxh3 29. Nxg7 Qxc3 30. Qf5 $2 (30. Ne6 Rf7 31. Ng2) 30... Bc5+ 31. Kg2 Ra2+ 32. Kh1 Nd4 33. Qg4 Qd2 $19 34. Qh3 Qe2 35. Ng2 Qxg2+ 36. Qxg2 Rxg2 37. Kxg2 Nc2 38. Rfc1 Ne3+ 39. Kf3 e4+ 40. Ke2 Bd4 41. Ne6 Nf5 42. Nxf8 Kxf8 43. Rxc7 Be3 44. Rxh7 Bxg5 45. Rb7 1/2-1/2

[Event "1st 4NCL International Open"]
[Site "Telford"]
[Date "2018.11.02"]
[Round "4"]
[White "Ross, Stuart"]
[Black "Britton, Richard L"]
[Result "0-1"]
[ECO "B99"]
[WhiteElo "1608"]
[BlackElo "2204"]
[Annotator "ChessBase"]
[PlyCount "82"]
[EventDate "2018.10.31"]
[EventType "swiss"]
[EventCountry "GBR"]
[SourceTitle "playchess.com"]
[Source "ChessBase"]
[SourceQuality "1"]
[TimeControl "5400+30"]

1. e4 c5 2. Nf3 d6 3. d4 cxd4 4. Nxd4 Nf6 5. Nc3 a6 6. Bg5 e6 7. f4 Nbd7 8. Qf3 Qc7 9. O-O-O Be7 10. g4 b5 11. Bxf6 Nxf6 12. g5 Nd7 13. f5 Bxg5+ 14. Kb1 Ne5 15. Qh5 Qd8 16. Rg1 Bf6 17. fxe6 g6 18. exf7+ Nxf7 19. Qd5 Bd7 20. Ne6 Bxe6 21. Qxe6+ Qe7 22. Bh3 Qxe6 23. Bxe6 Bxc3 24. bxc3 Rd8 25. Rdf1 Ne5 26. Rf6 Ke7 27. Rgf1 Rhf8 28. Rxf8 Rxf8 29. Rxf8 Kxf8 30. Bc8 a5 31. Ba6 Nf3 32. Bxb5 Nxh2 33. Be2 Ke7 34. Kc1 Ke6 35. Kd2 Ke5 36. Ke3 h5 37. c4 Ng4+ 38. Kf3 Nf6 39. Bd3 g5 40. c3 h4 41. Ke3 g4 0-1

[Event "1st 4NCL International Open"]
[Site "Telford"]
[Date "2018.11.02"]
[Round "5"]
[White "Pert, Richard G"]
[Black "Roberson, Peter T"]
[Result "1/2-1/2"]
[ECO "A46"]
[WhiteElo "2408"]
[BlackElo "2396"]
[Annotator "NA"]
[PlyCount "48"]
[EventDate "2018.10.31"]
[EventType "swiss"]
[EventCountry "GBR"]
[SourceTitle "playchess.com"]
[Source "ChessBase"]
[SourceQuality "1"]
[TimeControl "5400+30"]

1. d4 e6 2. Nf3 Nf6 3. Bg5 h6 4. Bh4 d6 5. c3 {[%emt 0:02:22] A46: 1 d4 Nf6 2 Nf3 e6: Torre, London and Colle Systems} Nbd7 6. Nbd2 g5 7. Bg3 Nh5 8. e4 Bg7 9. Bd3 O-O 10. Ng1 Nxg3 11. hxg3 c5 12. Ne2 cxd4 13. Nxd4 Ne5 14. Bc2 $146 ({Predecessor:} 14. Be2 Nc6 {½-½ (37) Nijs,N (2298)-Smirin,I (2663) Oslo 2013}) 14... b5 15. N2f3 Ng6 16. O-O Qb6 17. a3 Bd7 18. Qd2 a5 19. Rad1 Rfc8 20. Bb3 Rab8 21. Nc2 Bc6 22. Rfe1 Rd8 $11 23. Qe2 Bb7 24. Rd2 Ba6 1/2-1/2

[Event "1st 4NCL International Open"]
[Site "Telford"]
[Date "2018.11.02"]
[Round "5"]
[White "Gourlay, Iain"]
[Black "Hill, Alistair"]
[Result "1/2-1/2"]
[ECO "A34"]
[WhiteElo "2358"]
[BlackElo "2203"]
[Annotator "NA"]
[PlyCount "47"]
[EventDate "2018.10.31"]
[EventType "swiss"]
[EventCountry "GBR"]
[SourceTitle "playchess.com"]
[Source "ChessBase"]
[SourceQuality "1"]
[TimeControl "5400+30"]

1. c4 Nf6 2. g3 c5 3. Bg2 d5 4. cxd5 Nxd5 5. Nc3 Nc7 6. Nf3 Nc6 7. a3 g6 8. h4 {[%emt 0:01:56] A34: Symmetrical English: 2 Nc3, lines with ...d5} Bg4 9. Qa4 $146 ({Predecessor:} 9. d3 Bg7 10. Be3 Nd4 11. Bxd4 cxd4 12. Ne4 O-O 13. O-O b6 14. Rc1 Qd7 15. Nh2 Bf5 {½-½ (38) Ding,L (2777)-Vidit,S (2693) Tbilisi 2017}) 9... Bd7 10. h5 Nd4 11. Qd1 Bg7 12. h6 Bf6 13. e3 Nde6 14. Ne4 Bb5 15. d4 cxd4 16. Nxf6+ exf6 17. Nxd4 Nxd4 18. Qxd4 Qxd4 19. exd4 O-O-O 20. Be3 Nd5 21. Rc1+ Kb8 22. Kd2 Bc6 23. Bxd5 Rxd5 $11 24. Rhe1 1/2-1/2

[Event "1st 4NCL International Open"]
[Site "Telford"]
[Date "2018.11.02"]
[Round "5"]
[White "Kulkarni, Rakesh"]
[Black "Gibson, Christopher A"]
[Result "1-0"]
[ECO "B22"]
[WhiteElo "2297"]
[BlackElo "1924"]
[Annotator "NA"]
[PlyCount "79"]
[EventDate "2018.10.31"]
[EventType "swiss"]
[EventCountry "GBR"]
[SourceTitle "playchess.com"]
[Source "ChessBase"]
[SourceQuality "1"]
[TimeControl "5400+30"]

1. e4 c5 2. c3 Nf6 3. e5 Nd5 4. d4 cxd4 5. Nf3 e6 6. cxd4 d6 7. Bc4 Nc6 8. O-O Be7 9. Qe2 O-O 10. Nc3 Nxc3 11. bxc3 dxe5 12. dxe5 Qa5 13. Bd2 Bd7 {[%emt 0:08:40] B22: Sicilian: 2 c3} 14. Rfe1 Rfd8 15. Bd3 (15. Bb3 Be8 16. h4 Qa6 17. Qxa6 bxa6 18. Bc4 a5 19. h5 h6 20. a4 Bc5 21. Be3 Bxe3 22. Rxe3 {½-½ (44) Vajda,L (2558)-Deepan Chakkravarthy,J (2530) Arad 2018}) 15... Be8 16. Qe4 g6 17. Bc2 Qd5 18. Qg4 $146 ({Predecessor:} 18. Qf4 b5 19. h4 Rac8 20. h5 Bf8 21. hxg6 hxg6 22. Qh4 Bg7 23. Bg5 Rd7 24. Bf6 Qc5 25. Ng5 Nxe5 26. Qh7+ {1-0 (26) Jeric,S (2273)-Mihevc,I (2173) Slovenia 2014}) 18... Rd7 19. h4 h5 20. Qf4 Rad8 $11 21. g4 hxg4 22. Qxg4 f5 23. exf6 Bxf6 24. Bb3 Qh5 25. Bxe6+ Kg7 26. Bxd7 Bxd7 27. Qxh5 gxh5 28. Bg5 Bg4 29. Bxf6+ Kxf6 30. Ng5 Ne5 31. Rab1 b6 32. Re3 Ng6 33. Nf3 Rd5 34. Kh2 Ra5 35. Rb2 Nf4 36. Rd2 Nd5 37. Red3 Nf4 38. Rd6+ Ke7 39. Ng5 Ne2 40. f3 1-0

[Event "1st 4NCL International Open"]
[Site "Telford"]
[Date "2018.11.02"]
[Round "5"]
[White "Britton, Richard L"]
[Black "Macklin, Paul"]
[Result "1/2-1/2"]
[ECO "B08"]
[WhiteElo "2204"]
[BlackElo "2361"]
[Annotator "NA"]
[PlyCount "64"]
[EventDate "2018.10.31"]
[EventType "swiss"]
[EventCountry "GBR"]
[SourceTitle "playchess.com"]
[Source "ChessBase"]
[SourceQuality "1"]
[TimeControl "5400+30"]

1. e4 g6 2. d4 Bg7 3. Nc3 c6 4. Nf3 d6 5. Be3 Nf6 6. Qd2 O-O 7. Bh6 Bg4 8. Be2 Bxf3 9. Bxf3 e5 10. Bxg7 Kxg7 11. O-O-O {[%emt 0:00:19] B08: Pirc Defence: Classical System} Qa5 $146 ({Predecessor:} 11... Nbd7 12. g4 Nb6 13. g5 Nfd7 14. Be2 Qe7 15. h4 Rad8 16. h5 d5 17. exd5 cxd5 18. dxe5 Nxe5 19. Qd4 Kg8 {0-1 (37) Gal,J (2347)-Molnar,B (2354) Hungary 2005}) 12. g4 b5 13. dxe5 dxe5 14. h4 b4 15. Nb1 Na6 $1 16. g5 Ng8 17. Be2 Nc5 18. h5 Ne6 19. hxg6 hxg6 20. Qe3 Nf4 21. Bc4 Rfd8 {[%emt 0:01:09] [#]} 22. Nd2 $1 Ne7 23. Nb3 Qb6 24. Nc5 Rxd1+ 25. Kxd1 $11 (25. Rxd1 $5 Rh8 26. Na6 $16) 25... Rd8+ 26. Nd3 Qd4 27. Qxd4 Rxd4 28. b3 Rxe4 29. Nxb4 a5 30. Nd3 Nxd3 31. Bxd3 Rg4 32. Re1 f6 1/2-1/2

[Event "1st 4NCL International Open"]
[Site "Telford"]
[Date "2018.11.02"]
[Round "5"]
[White "Munshi, Aditya"]
[Black "Rahul Srivatshav P"]
[Result "0-1"]
[ECO "B06"]
[WhiteElo "2117"]
[BlackElo "2395"]
[Annotator "NA"]
[PlyCount "70"]
[EventDate "2018.10.31"]
[EventType "swiss"]
[EventCountry "GBR"]
[SourceTitle "playchess.com"]
[Source "ChessBase"]
[SourceQuality "1"]
[TimeControl "5400+30"]

1. e4 g6 2. d4 Bg7 3. Nf3 d6 4. Bc4 e6 5. Bb3 Ne7 {[%emt 0:00:41] B06: Modern Defence} 6. c3 a6 7. O-O b5 8. Re1 Bb7 9. Nbd2 Nd7 10. Nf1 O-O 11. Ng3 (11. h4 h6 12. Ng3 c5 13. Bf4 cxd4 14. cxd4 Nb6 15. Rc1 Qd7 16. Qd2 Kh7 17. Qa5 Qd8 18. Qa3 d5 19. Bc7 {1-0 (19) Dubov,D (2703)-Sviridov,V (2551) Sochi 2018}) 11... c5 12. Be3 Qc7 $146 ({Predecessor:} 12... e5 13. dxe5 dxe5 {1-0 (52) Tari,A (2593)-Rocha,S (2370) Katowice 2017}) 13. Qd2 a5 14. Bh6 a4 15. Bxg7 Kxg7 16. Bc2 h6 17. h4 Nb6 18. h5 Nc4 19. Qc1 $14 cxd4 20. hxg6 fxg6 21. Nxd4 Bc8 22. b3 Ne5 23. Nxb5 Qc5 24. Nd4 Ng4 25. f3 e5 26. fxg4 Nc6 27. b4 Qb6 28. g5 exd4 29. gxh6+ Kh7 30. Qg5 d3+ 31. Kh2 dxc2 32. Rf1 Qd8 33. Qd5 Ba6 34. Rf7+ Rxf7 35. Qxf7+ Kxh6 0-1

[Event "1st 4NCL International Open"]
[Site "Telford"]
[Date "2018.11.02"]
[Round "5"]
[White "White, Stuart A"]
[Black "Guha, Chirag"]
[Result "1/2-1/2"]
[ECO "D35"]
[WhiteElo "2113"]
[BlackElo "1887"]
[Annotator "NA"]
[PlyCount "154"]
[EventDate "2018.10.31"]
[EventType "swiss"]
[EventCountry "GBR"]
[SourceTitle "playchess.com"]
[Source "ChessBase"]
[SourceQuality "1"]
[TimeControl "5400+30"]

1. d4 d5 2. c4 e6 3. Nc3 Nf6 4. cxd5 exd5 5. Bg5 Be7 6. e3 c6 7. Bd3 Nbd7 8. Nge2 Nh5 9. Bxe7 Qxe7 10. Qd2 {[%emt 0:02:28] D35: Damengambit (Abtauschvariante)} (10. g4 Nhf6 11. Ng3 Nb6 12. g5 Ng8 13. h4 Be6 14. Nh5 g6 15. Ng7+ Kd7 16. Nxe6 Qxe6 17. a4 a5 18. h5 Ne7 19. Qf3 {0-1 (49) Wojtaszek,R (2745)-Onischuk,A (2682) Tbilisi 2017}) 10... g6 11. O-O Ng7 $146 ({Vorgänger:} 11... O-O 12. f3 Nb6 13. Rae1 Be6 14. b3 f5 15. a4 Rae8 16. Bb1 Qb4 17. Ba2 Nd7 {1-0 (36) Salinas Herrera,P (2486)-Damaso,R (2440) Batumi 2018}) 12. f3 Nb6 13. Rad1 O-O 14. Kh1 Be6 15. Nf4 c5 16. dxc5 Qxc5 17. Nce2 Rfe8 18. Nd4 Nc4 19. Qf2 Rac8 20. Rfe1 a6 21. b3 Ne5 22. Qd2 Qc3 23. Qxc3 Rxc3 24. Nde2 Rc5 25. Bb1 Rec8 26. Kg1 g5 27. Nd3 Nxd3 28. Bxd3 Nf5 29. Bxf5 Bxf5 30. Nd4 Bg6 31. Kf2 Kf8 32. Rd2 h6 33. Red1 Ke7 34. Rh1 Kd6 35. h4 Rc1 36. Rdd1 R1c3 37. hxg5 hxg5 38. Rd2 Rc1 39. Rxc1 Rxc1 40. Ne2 Rc5 41. b4 Rc4 42. a3 Ke5 43. g3 Bf5 44. Nd4 Bg6 45. Rb2 b5 46. Rb3 Bh7 47. Ke2 Bg6 48. Kd2 Bh7 49. Rb2 Bg6 50. Ra2 Bh7 51. Ra1 Bg6 52. Rh1 Rc8 53. Rh6 Kf6 54. f4 gxf4 55. gxf4 Kg7 56. Rh2 Be4 57. Rh5 Kf6 58. Rh6+ Bg6 59. Rh1 Be4 60. Rc1 Rc4 61. Rxc4 dxc4 62. Kc3 Ke7 63. Ne2 f5 64. Kd4 Kd6 65. Ng3 Bc2 66. Nh5 Ke6 67. Ng3 Kd6 68. Ne2 Be4 69. Nc3 Bc6 70. Nd1 Be4 71. Nf2 Bc2 72. Nh3 Bb1 73. Ng5 Ke7 74. Nf3 Kd6 75. Ne5 Be4 76. Nf7+ Ke7 $11 77. Ng5 Bb1 1/2-1/2

[Event "1st 4NCL International Open"]
[Site "Telford"]
[Date "2018.11.02"]
[Round "5"]
[White "Clark, Robert G"]
[Black "Ahluwalia, Amardip"]
[Result "1/2-1/2"]
[ECO "C78"]
[WhiteElo "2025"]
[BlackElo "2085"]
[Annotator "NA"]
[PlyCount "59"]
[EventDate "2018.10.31"]
[EventType "swiss"]
[EventCountry "GBR"]
[SourceTitle "playchess.com"]
[Source "ChessBase"]
[SourceQuality "1"]
[TimeControl "5400+30"]

1. e4 e5 2. Nf3 Nc6 3. Bb5 a6 4. Ba4 Nf6 5. O-O b5 6. Bb3 Bc5 7. c3 d6 8. h3 O-O 9. Re1 h6 10. d4 Bb6 11. Be3 Rb8 12. Nbd2 Re8 13. a4 Bd7 14. axb5 axb5 15. Bc2 exd4 16. cxd4 Nb4 17. Bb1 c5 18. Qb3 Nc6 19. d5 Ne7 20. Bf4 Bc7 21. Bh2 Ng6 22. Qd3 Bc8 23. b4 c4 24. Qc3 Bb7 25. Bc2 Bc8 26. Nd4 Bd7 27. Kh1 Nh5 28. Qf3 Nf6 29. Qc3 Nh5 30. Qf3 1/2-1/2

[Event "1st 4NCL International Open"]
[Site "Telford"]
[Date "2018.11.02"]
[Round "5"]
[White "Zabrocki, Philip"]
[Black "Wall, Tim P"]
[Result "0-1"]
[ECO "B12"]
[WhiteElo "1952"]
[BlackElo "2253"]
[Annotator "NA"]
[PlyCount "50"]
[EventDate "2018.10.31"]
[EventType "swiss"]
[EventCountry "GBR"]
[SourceTitle "playchess.com"]
[Source "ChessBase"]
[SourceQuality "1"]
[TimeControl "5400+30"]

1. e4 c6 2. d4 d5 3. e5 Bf5 4. Ne2 e6 5. Ng3 Ne7 6. Nxf5 Nxf5 7. c3 c5 8. Bd3 Nc6 9. Bxf5 exf5 10. Na3 cxd4 11. cxd4 Bxa3 12. bxa3 Qa5+ 13. Bd2 Qxa3 14. O-O Qd3 15. Rb1 O-O 16. Rxb7 Qxd4 17. e6 fxe6 18. Qc1 $17 Qc4 19. Qb2 d4 20. Rc1 Qd5 21. Rc7 Ne5 22. R1c5 Rab8 23. Qc2 d3 24. Qc3 Rb1+ 25. Bc1 d2 0-1

[Event "1st 4NCL International Open"]
[Site "Telford"]
[Date "2018.11.02"]
[Round "5"]
[White "Jamieson, Ian"]
[Black "Ross, Stuart"]
[Result "1-0"]
[ECO "A01"]
[WhiteElo "1947"]
[BlackElo "1608"]
[Annotator "NA"]
[PlyCount "75"]
[EventDate "2018.10.31"]
[EventType "swiss"]
[EventCountry "GBR"]
[SourceTitle "playchess.com"]
[Source "ChessBase"]
[SourceQuality "1"]
[TimeControl "5400+30"]

1. b3 e5 2. Bb2 Nc6 3. e3 Nf6 4. Bb5 Bd6 5. a3 a6 6. Be2 b5 7. c4 Rb8 8. cxb5 axb5 9. Nc3 b4 10. Nb5 bxa3 11. Nxd6+ cxd6 12. Bxa3 Ne4 13. Nf3 Qb6 14. O-O Nb4 15. Qb1 Nf6 16. Rc1 Ba6 17. Bxb4 Bxe2 18. Ba5 Qb7 19. Qf5 Rc8 20. Nxe5 Rxc1+ 21. Rxc1 O-O 22. Nd3 Qxb3 23. Nf4 Bg4 24. Qb1 Qxb1 25. Rxb1 Rc8 26. f3 Be6 27. Bc3 Ne8 28. Kf2 h6 29. e4 g5 30. Ne2 d5 31. Rb6 dxe4 32. fxe4 Kh7 33. h3 Ng7 34. Bxg7 Kxg7 35. d4 Bc4 36. Ng3 Bd3 37. Nf5+ Kh7 38. Rxh6+ 1-0